 Dungeon Crawl Stone Soup version 0.29-a0-341-g24ffce5b50 (webtiles) character file.

Game seed: 532673831931123340

5396 sammy202020 the Fighter (level 10, 0/130 HPs)
             Began as a Demonspawn Berserker on Apr 21, 2022.
             Was a Priest of Trog.
             Slain by a troll (2 damage)
             ... on level 9 of the Dungeon.
             The game lasted 00:17:21 (11133 turns).

sammy202020 the Fighter (Demonspawn Berserker)     Turns: 11133, Time: 00:17:22

Health: 0/130      AC:  7    Str: 20    XL:     10   Next: 40%
Magic:  0/19       EV:  8    Int: 11    God:    Trog [***...]
Gold:   499        SH:  0    Dex: 12    Spells: 9/9 levels left

rFire   . . .      SeeInvis .   a - +1 hand axe
rCold   . . .      Faith    .   (no shield)
rNeg    . . .      Spirit   +   e - +1 chain mail
rPois   .          Reflect  .   y - +0 helmet
rElec   .          Harm     .   u - +0 cloak
rCorr   .          Rampage  .   (gloves unavailable)
Will    ++...                   (no boots)
Stlth   ..........              b - amulet of guardian spirit
HPRegen 1.31/turn               i - ring of magical power
MPRegen 0.16/turn               s - +4 ring of protection

@: mighty, berserking, strong-willed, corroded, regenerating, very quick
A: rugged brown scales 2, ignite blood 1, powered by death 2, demonic touch 3
a: Renounce Religion, Berserk, Trog's Hand


You were on level 9 of the Dungeon.
You worshipped Trog.
Trog was most pleased with you.
You visited 1 branch of the dungeon, and saw 9 of its levels.

You collected 499 gold pieces.

Inventory:

Hand Weapons
 a - a +1 hand axe (weapon)
 x - a +5 flail of protection
 O - a +3 battleaxe of flaming
Missiles
 n - 32 poisoned darts
 q - 2 javelins (quivered)
 w - 2 datura-tipped darts
 J - 3 boomerangs
 Q - a curare-tipped dart
Armour
 e - a +1 chain mail (worn)
 u - a +0 cloak (worn)
 y - a +0 helmet (worn)
Jewellery
 b - an amulet of guardian spirit (around neck)
 f - an amulet of magic regeneration
 i - a ring of magical power (left hand)
 s - a +4 ring of protection (right hand)
 t - a ring of positive energy
 C - a +4 ring of protection
 I - a ring of positive energy
 N - an amulet of faith
Wands
 G - a wand of charming (6)
 L - a wand of polymorph (15)
Scrolls
 c - 3 scrolls of fog
 d - a scroll of magic mapping
 h - 3 scrolls of immolation
 j - a scroll of noise
 m - 2 scrolls of summoning
 p - 5 scrolls of teleportation
 r - a scroll of holy word
 B - a scroll of enchant weapon
Potions
 g - a potion of haste {unknown}
 k - 2 potions of attraction
 l - 2 potions of curing
 o - a potion of lignification {unknown}
 v - a potion of cancellation
 z - 2 potions of degeneration
 A - 2 potions of heal wounds {unknown}
 D - a potion of berserk rage {unknown}
 F - a potion of resistance {unknown}
 H - a potion of mutation {unknown}
 K - a potion of magic {unknown}
Miscellaneous
 P - a tin of tremorstones (2/2)


   Skills:
 * Level 9.0 Fighting
 * Level 8.2 Axes
 + Level 5.8 Armour
 - Level 1.7 Dodging
 * Level 7.2 Unarmed Combat


You had 9 spell levels left.
You didn't know any spells.
Your spell library was empty.

Dungeon Overview and Level Annotations

Branches:
Dungeon (9/15)             Temple (0/1) D:7
   Lair: D:8-11         Orc: D:9-12

Altars:
Gozag
Kikubaaqudgha
Nemelex Xobeh
Ru
Uskayaw
Vehumet
Xom
Yredelemnul
Zin

Shops:
D:2 ::


Innate Abilities, Weirdness & Mutations

You are mostly covered in rugged brown scales. (AC +2, +5% HP)
Your demonic aura sometimes causes spilled blood to erupt in flames.
You regenerate health from kills.
Your touch may irresistibly damage your foes and sap their willpower.


Message History

The yak is heavily wounded.
You recover from your berserk rage.
The yak is engulfed in blazing flames.
The yak barely misses you.
You completely miss the yak.
The yak is severely wounded.
The yak is engulfed in blazing flames.
You kill the yak!
Trog accepts your kill. The yak gores you. The troll bites you.
The troll claws you!
* * * LOW HITPOINT WARNING * * *
The troll barely misses you.
You see here a yak corpse.
You hit the yak.
The yak is lightly wounded.
You barely miss the troll. The yak barely misses you.
The troll barely misses you. The troll closely misses you.
The troll claws you but does no damage.
You barely miss the yak.
The yak is lightly wounded.
You hit the troll. The yak gores you!
* * * LOW HITPOINT WARNING * * *
The troll bites you.
* * * LOW HITPOINT WARNING * * *
The troll claws you!
* * * LOW HITPOINT WARNING * * *
The troll claws you.
* * * LOW HITPOINT WARNING * * *
The hound stops to sniff the ground.
You feel better.
The troll is engulfed in blazing flames.
The troll closely misses you. The troll claws you but does no damage.
The troll claws you!
* * * LOW HITPOINT WARNING * * *
A red film seems to cover your vision as you go berserk!
You feel yourself moving faster!
You feel mighty!
The troll is engulfed in blazing flames.
The troll completely misses you. The troll claws you.
* * * LOW HITPOINT WARNING * * *
The troll claws you.
You die...

.........[....≈.≈
.......[.....≈≈.≈
##.#...#.##...T≈
#.#...#.# ...≈
#...))†.# S≈
#.#.))#Y#
...##....YhY#
.......<.##T#
....#..####@#
.##.........#
#..........
......##.#..#
.##.... ......
.....#..#..#.
...(..#. #..#. ..
...# .


You could see 2 yaks, a troll and a hound.

Vanquished Creatures
  A hydra (D:7)
  A two-headed ogre (D:7)
  A death knight (D:8)
  A kobold demonologist (D:7)
  3 wyverns
  A yak (D:9)
  A steam dragon (D:9)
  Edmund (D:4)
  An acid dragon (D:9)
  2 ice beasts (D:6)
  A black bear (D:6)
  A sky beast (D:4)
  3 ogres
  2 centaurs
  A phantom (D:4)
  3 kobold brigands
  3 bullfrogs
  A gnoll sergeant (D:5)
  3 necrophages
  2 scorpions (D:6)
  3 howler monkeys (D:8)
  2 hounds
  3 jellies
  An orc priest (D:7)
  2 gnoll shamans
  An iguana (D:4)
  5 orc wizards
  15 gnolls
  7 adders
  A shadow imp (D:6)
  An ufetubus (D:6)
  2 worms
  3 dart slugs
  18 orcs
  3 bats
  8 endoplasms
  3 giant cockroaches
  5 goblins
  6 hobgoblins
  3 jackals (D:2)
  34 kobolds
  2 quokkas
  7 ball pythons
  3 frilled lizards
  4 rats
175 creatures vanquished.

Notes
Turn   | Place    | Note
-------+----------+-------------------------------------------
     0 | D:1      | sammy202020 the Demonspawn Berserker began the quest for
                  | the Orb.
     0 | D:1      | Reached XP level 1. HP: 18/18 MP: 1/1
   126 | D:1      | Gained mutation: Your demonic aura sometimes causes spilled
                  | blood to erupt in flames. [demonic ancestry]
   126 | D:1      | Reached XP level 2. HP: 10/24 MP: 2/2
   409 | D:1      | Found a faded altar of an unknown god.
  1215 | D:2      | Gained mutation: You are partially covered in rugged brown
                  | scales. (AC +1, +3% HP) [demonic ancestry]
  1215 | D:2      | Reached XP level 3. HP: 24/29 MP: 3/3
  1295 | D:2      | Found Lissoizeud's Book Shop.
  1360 | D:2      | Found Werir's Book Shoppe.
  1441 | D:2      | Reached ** piety under Trog
  2130 | D:2      | Gained mutation: Your touch may inflict minor irresistible
                  | damage on your foes. [demonic ancestry]
  2130 | D:2      | Reached XP level 4. HP: 38/38 MP: 4/4
  2500 | D:3      | Found a basalt altar of Yredelemnul.
  2550 | D:3      | Reached skill level 4 in Fighting
  2621 | D:3      | Found a large runed translucent door.
  2622 | D:3      | Found a large runed translucent door.
  2622 | D:3      | Found a shimmering altar of Xom.
  3648 | D:4      | Noticed an ogre
  3654 | D:4      | HP: 1/38 [ogre/+0 giant spiked club (23)]
  3657 | D:4      | Killed an ogre
  3658 | D:4      | Reached skill level 1 in Unarmed Combat
  3658 | D:4      | Reached XP level 5. HP: 1/44 MP: 5/5
  3939 | D:4      | Noticed a phantom
  3955 | D:4      | Killed a phantom
  3956 | D:4      | Gained mutation: You regenerate a little health from kills.
                  | [demonic ancestry]
  3956 | D:4      | Reached XP level 6. HP: 28/50 MP: 6/6
  4149 | D:4      | Noticed a sky beast
  4157 | D:4      | Identified a scroll of acquirement
  4157 | D:4      | Acquired an amulet of guardian spirit
  4370 | D:4      | Noticed Edmund
  4380 | D:4      | Killed Edmund
  4450 | D:4      | HP: 1/51 [something (5)]
  4457 | D:4      | Killed a sky beast
  4458 | D:4      | Reached skill level 5 in Fighting
  5462 | D:4      | Gained mutation: You are mostly covered in rugged brown
                  | scales. (AC +2, +5% HP) [demonic ancestry]
  5462 | D:4      | Reached XP level 7. HP: 50/58 MP: 7/7
  5510 | D:4      | Found a sparkling altar of Nemelex Xobeh.
  5739 | D:5      | Entered Level 5 of the Dungeon
  6200 | D:5      | Reached skill level 5 in Axes
  6978 | D:6      | Gained mutation: Your touch may inflict irresistible damage
                  | on your foes. [demonic ancestry]
  6978 | D:6      | Reached XP level 8. HP: 67/67 MP: 8/8
  6992 | D:6      | Found a radiant altar of Vehumet.
  7018 | D:6      | Reached skill level 6 in Fighting
  7668 | D:6      | Reached *** piety under Trog
  8505 | D:7      | Reached skill level 7 in Fighting
  8505 | D:7      | Reached skill level 5 in Unarmed Combat
  8672 | D:7      | Gained mutation: Your touch may irresistibly damage your
                  | foes and sap their willpower. [demonic ancestry]
  8672 | D:7      | Reached XP level 9. HP: 75/75 MP: 9/9
  8748 | D:7      | Noticed a kobold demonologist
  8749 | D:7      | Noticed a two-headed ogre
  8750 | D:7      | Noticed a hellwing
  8754 | D:7      | Noticed a five-headed hydra
  8769 | D:7      | Killed a two-headed ogre
  8776 | D:7      | Noticed an orange demon
  8777 | D:7      | Killed a five-headed hydra
  8778 | D:7      | Reached skill level 8 in Fighting
  8778 | D:7      | Reached skill level 5 in Armour
  8784 | D:7      | Killed a kobold demonologist
  9321 | D:7      | Found a staircase to the Ecumenical Temple.
  9376 | D:7      | Identified the +1 pair of gloves of Cinofu Wusem {-Tele
                  | rF++}
  9822 | D:8      | Noticed a death knight
  9830 | D:8      | Killed a death knight
  9831 | D:8      | Gained mutation: You regenerate health from kills. [demonic
                  | ancestry]
  9831 | D:8      | Reached XP level 10. HP: 86/86 MP: 10/10
 10311 | D:8      | Found a faded altar of an unknown god.
 10311 | D:8      | Found an opulent altar of Gozag.
 10317 | D:8      | Found an ancient bone altar of Kikubaaqudgha.
 10319 | D:8      | Found a sacrificial altar of Ru.
 10321 | D:8      | Found a faded altar of an unknown god.
 10685 | D:8      | Found a hide-covered altar of Uskayaw.
 10701 | D:8      | Reached **** piety under Trog
 11107 | D:9      | Reached skill level 9 in Fighting
 11130 | D:9      | HP: 2/87 [troll (3)]
 11133 | D:9      | Slain by a troll

Illustrated notes

Levels and vault maps discovered:
D:1:      kennysheep_arrival_forest, layout_basic, basic_ecumenical_altar
D:2:      layout_basic, serial_curves, eino_curves_01, eino_curves_02,
          eino_curves_01, serial_shops, shop, shop
D:3:      due_chaos_kobolds, layout_basic, yredelemnul_altar_generic
D:4:      layout_basic, nicolae_overflow_hidden_temple, uniq_edmund
D:5:      layout_basic
D:6:      layout_cave_pods, nicolae_overflow_squiral
D:7:      minmay_cornered_nines, layout_cave_pools,
          minmay_temple_entry_nine_rooms
D:8:      layout_layer_cave, nicolae_uskayaw_dance_studio,
          chequers_temple_overflow_minitemple, kennysheep_just_a_vault
D:9:      layout_loops_cross, erik_lair_island, serial_shops,
          nicolae_shop_bloodbath_and_beyond, nicolae_transmutations_shop

Skill      XL: |  1  2  3  4  5  6  7  8  9 10 |
---------------+-------------------------------+-----
Armour         | 2 3 4 5 |  5.8
Axes           | 3 4 5 6 7 8 |  8.2
Fighting       | 4 5 7 8 9 |  9.0
Unarmed Combat | 1 2 3 5 6 7 |  7.2
Dodging        | |  1.7

Action                   |  1- 3 |  4- 6 |  7- 9 | 10-12 || total
-------------------------+-------+-------+-------+-------++-------
Melee: Hand axe          |   112 |   131 |   259 |    77 ||   579
       Touch             |       |    13 |    55 |    15 ||    83
       Punch             |       |     1 |     8 |     8 ||    17
       Flail             |       |       |    23 |       ||    23
Throw: Javelin           |       |     1 |       |     2 ||     3
Invok: Berserk           |       |     3 |     4 |     2 ||     9
       Trog's Hand       |       |     1 |     1 |     2 ||     4
  Use: Scroll            |       |    12 |     5 |     1 ||    18
       Potion            |       |       |     1 |     2 ||     3
Armor: Animal skin       |     7 |       |       |       ||     7
       Ring mail         |    36 |    20 |       |       ||    56
       Scale mail        |       |    12 |       |       ||    12
       Chain mail        |       |    30 |   294 |    64 ||   388
Dodge: Dodged            |    65 |    63 |   123 |    55 ||   306
Block: Buckler           |    14 |       |       |       ||    14

Table legend: (Time is in decaauts)
 A = Elapsed time spent in this place.
 B = Non-inter-level travel time spent in this place.
 C = Inter-level travel time spent in this place.
 D = Time resting spent in this place.
 E = Time spent auto-exploring this place.
 F = Levels seen in this place.
 G = Mean time per level.
                   A        B        C        D        E       F      G
               +--------+--------+--------+--------+--------+-----+--------+
         Total |  11235 |  10876 |    359 |   1643 |   7682 |   9 | 1248.3 |
       Dungeon |  11235 |  10876 |    359 |   1643 |   7682 |   9 | 1248.3 |
               +--------+--------+--------+--------+--------+-----+--------+

Top non-repeatable levels by time:
     D:4: 2166 daAuts
     D:6: 1466 daAuts
     D:8: 1454 daAuts
     D:2: 1331 daAuts
     D:7: 1261 daAuts
     D:1: 1178 daAuts
     D:5: 1175 daAuts
     D:3: 1121 daAuts
     D:9: 79 daAuts
